 Dungeon Crawl Stone Soup version 0.24-a0-203-gf0bc1e9 (webtiles) character file.

Game seed: 8722592561090944880

1084 Borgoz the Cutter (level 8, -5/48 HPs)
             Began as a Kobold Gladiator on Mar 26, 2019.
             Slain by Menkaure (18 damage)
             ... on level 6 of the Dungeon.
             The game lasted 00:11:19 (5400 turns).

Borgoz the Cutter (Kobold Gladiator)                Turns: 5400, Time: 00:11:19

Health: -5/48      AC:  7    Str: 11    XL:     8   Next: 55%
Magic:  21/21      EV: 18    Int: 10    God:
Gold:   239        SH:  0    Dex: 20    Spells: 12/12 levels left

rFire    . . .     SeeInvis +   a - +1 rapier
rCold    + + .     Gourm    .   (shield restricted)
rNeg     . . .     Faith    .   b - +0 leather armour
rPois    .         Spirit   .   c - +0 helmet
rElec    .         Reflect  .   (no cloak)
rCorr    .         Harm     .   i - +0 pair of gloves
MR       .....                  r - +0 pair of boots
Stlth    +.........             (no amulet)
HPRegen  0.16/turn              h - ring of protection from cold
MPRegen  0.17/turn              p - ring of magical power

@: confused
A: small, see invisible, agile 1, carnivore, cold resistance 1, subdued magic 1
a: no special abilities


You were on level 6 of the Dungeon.
You were completely stuffed.

You visited 1 branch of the dungeon, and saw 6 of its levels.

You collected 265 gold pieces.
You spent 26 gold pieces at shops.

Inventory:

Hand Weapons
 a - a +1 rapier (weapon)
 d - a +1 dagger of distortion
 w - a +0 dagger of flaming
Missiles
 o - 7 tomahawks (quivered)
 s - 4 tomahawks of returning
Armour
 b - a +0 leather armour (worn)
 c - a +0 helmet (worn)
 i - a +0 pair of gloves (worn)
 j - a cursed +0 leather armour
 r - a +0 pair of boots (worn)
Jewellery
 e - an uncursed ring of ice
 h - a ring of protection from cold (left hand)
 n - a +4 ring of intelligence
 p - a ring of magical power (right hand)
Wands
 v - a wand of iceblast (13)
 x - a wand of flame (25)
Scrolls
 g - 2 scrolls of teleportation
 k - 2 scrolls of blinking
 l - a scroll of magic mapping
 q - a scroll of remove curse
Potions
 m - a potion of invisibility
 z - 3 potions of haste
Comestibles
 f - 6 rations


   Skills:
 + Level 4.3 Fighting
 + Level 5.9 Short Blades
 + Level 4.1 Throwing
 * Level 3.7 Armour
 + Level 5.3 Dodging
 + Level 4.4 Stealth
 + Level 2.8 Spellcasting
 + Level 0.7 Evocations


You had 12 spell levels left.
You didn't know any spells.
Your spell library was empty.

Dungeon Overview and Level Annotations

Branches:
Dungeon (6/15)
 Temple: D:4-7

Altars:
Kikubaaqudgha

Shops:
D:4 ?=}}

Annotations:
D:6 Menkaure


Innate Abilities, Weirdness & Mutations

You are small and have problems with some larger weapons.
You are carnivorous and can eat meat at any time.
You have supernaturally acute eyesight. (SInv)
You are agile. (Dex +2)
Your flesh is cold resistant. (rC+)
Your spells are a little easier to cast, but a little less powerful.


Message History

All of the chunks of flesh in your inventory have rotted away.
There is a stone staircase leading down here.
You climb downwards.
Menkaure, Prince of Dust comes into view.
Menkaure shouts!
Found a stone staircase leading up.
There is a stone staircase leading up here.
You closely miss Menkaure.
Menkaure calls on the powers of darkness!
Your body is wracked with pain!
You hit Menkaure but do no damage. Menkaure closely misses you.
It was a potion of ambrosia.
You are confused.
You feel invigorated.
You bump into the rock wall.
Menkaure hits you!!
* * * LOW HITPOINT WARNING * * *
You bump into the rock wall.
Menkaure hits you.
* * * LOW HITPOINT WARNING * * *
You bump into the rock wall.
Menkaure hits you!!
You die...

.# .## .. ..
..##.#
.##.....#
..#.... .....
#... #.M# #@###
#...# ##<.#
...............
##.....####.<..
...#.## ...
.#... .. #..
...


You could see Menkaure.

Vanquished Creatures
  An ice beast (D:5)
  A phantom (D:5)
  An ogre (D:4)
  Blork the orc (D:5)
  A bullfrog (D:4)
  A howler monkey (D:4)
  3 vampire bats (D:5)
  A hound (D:4)
  6 orc wizards
  Ijyb (D:3)
  2 iguanas (D:4)
  4 worker ants
  2 adders
  An adder skeleton (D:5)
  4 worms
  5 dart slugs
  2 leopard geckos
  17 orcs
  9 bats
  3 bat skeletons (D:5)
  3 bat zombies (D:5)
  10 giant cockroaches
  10 goblins
  8 hobgoblins
  11 jackals
  3 quokkas
  5 frilled lizards
  10 kobolds
  7 rats
133 creatures vanquished.

Vanquished Creatures (others)
  An orc (D:4)
1 creature vanquished.

Grand Total: 134 creatures vanquished

Notes
Turn   | Place    | Note
-------+----------+-------------------------------------------
     0 | D:1      | Borgoz the Kobold Gladiator began the quest for the Orb.
     0 | D:1      | Reached XP level 1. HP: 12/12 MP: 1/1
    32 | D:1      | Reached XP level 2. HP: 14/17 MP: 2/2
   164 | D:1      | Reached skill level 1 in Stealth
   222 | D:1      | Reached XP level 3. HP: 22/22 MP: 3/3
   290 | D:1      | Reached skill level 1 in Armour
   612 | D:2      | Reached XP level 4. HP: 24/27 MP: 4/4
  1613 | D:3      | Reached skill level 1 in Spellcasting
  1613 | D:3      | Reached XP level 5. HP: 13/32 MP: 6/6
  2560 | D:3      | Noticed Ijyb
  2576 | D:3      | Killed Ijyb
  2576 | D:3      | Reached XP level 6. HP: 15/37 MP: 7/7
  2833 | D:4      | Found Numesch's Magic Scroll Emporium.
  2836 | D:4      | Bought a scroll of identify for 26 gold pieces
  2898 | D:4      | Reached skill level 5 in Short Blades
  2948 | D:4      | Found Ashuuzed's Gadget Boutique.
  3239 | D:4      | Found Ytathrouv's Gadget Boutique.
  3282 | D:4      | Reached XP level 7. HP: 31/41 MP: 9/9
  3846 | D:4      | Found Hucy's Jewellery Shop.
  3903 | D:4      | HP: 2/41 [iguana (10)]
  3904 | D:4      | Gained mutation: Your spells are a little easier to cast,
                  | but a little less powerful. [potion of mutation]
  3904 | D:4      | Gained mutation: Your flesh is cold resistant. (rC+)
                  | [potion of mutation]
  3904 | D:4      | Gained mutation: You are agile. (Dex +2) [potion of
                  | mutation]
  3904 | D:4      | Gained mutation: You have supernaturally acute eyesight.
                  | (SInv) [potion of mutation]
  4244 | D:4      | Reached skill level 5 in Dodging
  4707 | D:5      | Entered Level 5 of the Dungeon
  4812 | D:5      | Reached XP level 8. HP: 44/48 MP: 11/11
  4891 | D:5      | Found an ancient bone altar of Kikubaaqudgha.
  5158 | D:5      | Noticed Blork the orc
  5169 | D:5      | Killed Blork the orc
  5392 | D:6      | Noticed Menkaure
  5400 | D:6      | Slain by Menkaure

Levels and vault maps discovered:
D:1:      scummos_arrival_checkerplants, layout_basic, minmay_strange_pillars,
          grunt_decor_cap, minmay_cupped
D:2:      layout_basic, first_ration, hangedman_decor_push, minmay_door_square
D:3:      layout_loops_ring, uniq_ijyb
D:4:      layout_loops_ring, serial_shops, kennysheep_mini, shop_fountains,
          nicolae_shop_crystal, shop
D:5:      layout_basic, kennysheep_vampire_church, uniq_blork_the_orc
D:6:      layout_cave_pools, minmay_temple_entry_ruins, uniq_menkaure,
          uniq_duvessa

Skill      XL: |  1  2  3  4  5  6  7  8 |
---------------+-------------------------+-----
Stealth        | 1 2 4 |  4.4
Armour         | 1 2 3 |  3.7
Dodging        | 4 5 |  5.3
Spellcasting   | 1 2 |  2.8
Fighting       | 3 4 |  4.3
Throwing       | 3 4 |  4.1
Short Blades   | 5 |  5.9
Evocations     | |  0.7

Action                   |  1- 3 |  4- 6 |  7- 9 || total
-------------------------+-------+-------+-------++-------
Melee: Rapier            |    93 |   205 |    95 ||   393
       Dagger            |       |    41 |   175 ||   216
Throw: Throwing net      |       |     5 |       ||     5
       Tomahawk          |       |     1 |       ||     1
  Use: Scroll            |     2 |     2 |     5 ||     9
       Potion            |       |     3 |     7 ||    10
 Stab: Sleeping          |     4 |     9 |     6 ||    19
       Distracted        |     1 |       |       ||     1
       Held in net/web   |       |     2 |       ||     2
       Invisible         |       |     7 |       ||     7
  Eat: Chunk             |     7 |     9 |     7 ||    23
Armor: Leather armour    |    20 |    43 |    39 ||   102
       Skin              |       |       |     5 ||     5
Dodge: Dodged            |    70 |   171 |   179 ||   420

Table legend:
 A = Non-vault XP
 B = Vault XP
 C = Vault XP percentage of total XP
 D = Non-vault monster count
 E = Vault monster count
 F = Vault count percentage of total count
                 A         B        C        D         E       F
            +---------+---------+-------+---------+---------+-------
      Total |    1240 |     309 |  19.9 |     121 |      12 |   9.0
            +---------+---------+-------+---------+---------+-------
        D:1 |      56 |       4 |   6.7 |      30 |       1 |   3.2
        D:2 |      70 |       0 |   0.0 |      30 |       0 |   0.0
        D:3 |     120 |      36 |  23.1 |      20 |       1 |   4.8
        D:4 |     708 |       0 |   0.0 |      31 |       0 |   0.0
        D:5 |     286 |     269 |  48.5 |      10 |      10 |  50.0
            +---------+---------+-------+---------+---------+-------
